| TOP OF THE 1ST |
|
Tri-City Dust Devils batting - Pitching for Eugene Emeralds : RHP Luis Solis
|
|
Pitching: RHP Luis Solis
|
|
|
Batting: LHB Ramon Vega
|
0-0: Called Strike 0-1: Ball 1-1: Called Strike 1-2: Ball 2-2: Ball 3-2: SOLO HOME RUN (Flyball, 89XD, EV 105.6 MPH), Distance : 409 ft
|
|
Batting: LHB Phil Lerner
|
0-0: Called Strike 0-1: Ball 1-1: Hit by Pitch
|
|
Batting: RHB Mike MacLeod
|
0-0: Ball 1-0: Ball 2-0: Reached on error, E5 (Groundball, 56S, EV 83.8 MPH) Phil Lerner to second
|
|
Batting: SHB Isaiah Scates
|
0-0: Ball 1-0: Ball 2-0: Called Strike 2-1: Called Strike 2-2: Ball 3-2: Base on Balls Phil Lerner to third Mike MacLeod to second
|
|
Batting: RHB Hector Fernandez
|
0-0: Ball 1-0: Called Strike 1-1: Foul Ball, location: 2F 1-2: Ball Balk! Phil Lerner scores Mike MacLeod to third Isaiah Scates to second 2-2: Ground out 4-3 (Groundball, 4MD, EV 92.5 MPH) Mike MacLeod scores Isaiah Scates to third
|
|
Batting: RHB Phil McFadden
|
0-0: Foul Ball, location: 2F 0-1: Swinging Strike 0-2: Strikes out swinging
|
|
Batting: RHB Frank Elizondo
|
0-0: Ball 1-0: Foul Ball, location: 2F 1-1: Ball 2-1: Ball 3-1: Base on Balls
|
|
Batting: RHB Max Stillo
|
0-0: Foul Ball, location: 2F 0-1: Ball 1-1: SINGLE (Flyball, 9LS, EV 90.6 MPH) Isaiah Scates scores Frank Elizondo to second Runner from 2nd tries for 3rd, SAFE, throw by RF made to third
|
|
Batting: RHB Oren Jones
|
0-0: Ball Wild Pitch! Frank Elizondo scores Max Stillo to second 1-0: Ball 2-0: Ball Balk! Max Stillo to third 3-0: Base on Balls
|
|
Pitching: RHP Victor de Leon
|
|
|
Batting: LHB Ramon Vega
|
0-0: Swinging Strike 0-1: Called Strike 0-2: Ball 1-2: Ball 2-2: Foul Ball, location: 2F 2-2: Foul Ball, location: 2F 2-2: Ball 3-2: Foul Ball, location: 2F 3-2: DOUBLE (Line Drive, 3D, EV 100.0 MPH) Max Stillo scores Oren Jones to third Oren Jones scores
|
|
Batting: LHB Phil Lerner
|
0-0: Called Strike 0-1: Ball 1-1: Called Strike 1-2: Ball 2-2: Strikes out swinging
|
| Top of the 1st over - 7 runs, 3 hits, 1 error, 1 left on base; Tri-City 7 - Eugene 0 |
| BOTTOM OF THE 1ST |
|
Eugene Emeralds batting - Pitching for Tri-City Dust Devils : RHP David Koski
|
|
Pitching: RHP David Koski
|
|
|
Batting: RHB Du Kim
|
0-0: Called Strike 0-1: Fly out, F3 (Popup, 3SF, EV 65.0 MPH)
|
|
Batting: RHB Ricky Ramirez
|
0-0: Foul Ball, location: 2F 0-1: Called Strike 0-2: Strikes out swinging
|
|
Batting: LHB Emir Jalil
|
0-0: Ball 1-0: Ball 2-0: Foul Ball, location: 2F 2-1: Ball 3-1: Base on Balls
|
|
Batting: RHB Mike Hill
|
0-0: Swinging Strike 0-1: Ball 1-1: Fielders Choice at 2nd, 6-4 (Groundball, 6, EV 101.9 MPH)
|
| Bottom of the 1st over - 0 runs, 0 hits, 0 errors, 1 left on base; Tri-City 7 - Eugene 0 |
| TOP OF THE 2ND |
|
Tri-City Dust Devils batting - Pitching for Eugene Emeralds : RHP Victor de Leon
|
|
Batting: RHB Mike MacLeod
|
0-0: Called Strike 0-1: Foul Ball, location: 2F 0-2: Strikes out swinging
|
|
Batting: SHB Isaiah Scates
|
0-0: Called Strike 0-1: Ball 1-1: DOUBLE (Line Drive, 78XD, EV 97.5 MPH)
|
|
Batting: RHB Hector Fernandez
|
0-0: Ball 1-0: Ball 2-0: Ball 3-0: Called Strike 3-1: Called Strike 3-2: Base on Balls
|
|
Batting: RHB Phil McFadden
|
0-0: Foul Ball, location: 2F 0-1: Foul Ball, location: 2F 0-2: Ball 1-2: 3-RUN HOME RUN (Flyball, 7D, EV 93.8 MPH), Distance : 347 ft
|
|
Batting: RHB Frank Elizondo
|
0-0: Called Strike 0-1: Called Strike 0-2: Ball 1-2: Foul Ball, location: 2F 1-2: Ball 2-2: Strikes out swinging
|
|
Batting: RHB Max Stillo
|
0-0: Foul Ball, location: 2F 0-1: Foul Ball, location: 2F 0-2: DOUBLE (Line Drive, 9LM, EV 98.8 MPH)
|
|
Batting: RHB Oren Jones
|
0-0: Foul Ball, location: 2F 0-1: 2-RUN HOME RUN (Flyball, 7LD, EV 91.9 MPH), Distance : 344 ft
|
|
Pitching: RHP Carsten Kosters
|
|
|
Batting: LHB Ramon Vega
|
0-0: Ball 1-0: Foul Ball, location: 2F 1-1: Ball 2-1: Ball 3-1: Called Strike 3-2: Foul Ball, location: 2F 3-2: Base on Balls
|
|
Batting: LHB Phil Lerner
|
0-0: Ball 1-0: Ball 2-0: Fielders Choice at 2nd, 5-4 (Groundball, 5, EV 108.8 MPH)
|
| Top of the 2nd over - 5 runs, 4 hits, 0 errors, 1 left on base; Tri-City 12 - Eugene 0 |
| BOTTOM OF THE 2ND |
|
Eugene Emeralds batting - Pitching for Tri-City Dust Devils : RHP David Koski
|
|
Batting: RHB Bill Holmes
|
0-0: Ball 1-0: Swinging Strike 1-1: Ball 2-1: Foul Ball, location: 2F 2-2: Ball 3-2: Base on Balls
|
|
Batting: RHB Jorge Lagunas
|
0-0: Foul Ball, location: 2F 0-1: Fly out, F8 (Flyball, 8LM, EV 84.4 MPH)
|
|
Batting: RHB Dave de Wolff
|
0-0: Ball 1-0: Ball 2-0: Swinging Strike 2-1: Foul Ball, location: 2F 2-2: Strikes out swinging
|
|
Batting: RHB David Bousfield
|
0-0: Ground out 4-3 (Groundball, 4, EV 84.4 MPH)
|
| Bottom of the 2nd over - 0 runs, 0 hits, 0 errors, 1 left on base; Tri-City 12 - Eugene 0 |
| TOP OF THE 3RD |
|
Tri-City Dust Devils batting - Pitching for Eugene Emeralds : RHP Carsten Kosters
|
|
Batting: RHB Mike MacLeod
|
0-0: Ball 1-0: Ball 2-0: Ball 3-0: Base on Balls
|
|
Batting: SHB Isaiah Scates
|
0-0: Ball Wild Pitch! Mike MacLeod to second 1-0: Ball 2-0: Called Strike 2-1: Foul Ball, location: 2F 2-2: Ball 3-2: Fly out, F9 (Flyball, 9S, EV 83.8 MPH)
|
|
Batting: RHB Hector Fernandez
|
0-0: Ball 1-0: Ground out 6-3 (Groundball, 56D, EV 85.0 MPH)
|
|
Batting: RHB Phil McFadden
|
0-0: Ball 1-0: Foul Ball, location: 2F 1-1: Ball 2-1: Foul Ball, location: 2F 2-2: Ball Wild Pitch! Mike MacLeod to third 3-2: Foul Ball, location: 2F 3-2: Foul Ball, location: 2F 3-2: Base on Balls
|
|
Pitching: RHP Francisco Landin
|
|
|
Batting: RHB Frank Elizondo
|
0-0: Called Strike 0-1: Ball 1-1: Ball 2-1: Foul Ball, location: 2F 2-2: Reached on error, E6 (Groundball, 6, EV 90.0 MPH) Mike MacLeod scores Phil McFadden to second
|
|
Batting: RHB Max Stillo
|
0-0: Ball 1-0: Ball 2-0: Ball 3-0: Base on Balls Phil McFadden to third Frank Elizondo to second
|
|
Batting: RHB Oren Jones
|
0-0: Called Strike 0-1: Foul Ball, location: 2F 0-2: Hit by Pitch Phil McFadden scores Frank Elizondo to third Max Stillo to second
|
|
Batting: LHB Ramon Vega
|
0-0: Swinging Strike 0-1: Ball 1-1: Ball 2-1: Foul Ball, location: 2F 2-2: Fly out, F4 (Line Drive, 4, EV 72.5 MPH)
|
| Top of the 3rd over - 2 runs, 0 hits, 1 error, 3 left on base; Tri-City 14 - Eugene 0 |
| BOTTOM OF THE 3RD |
|
Eugene Emeralds batting - Pitching for Tri-City Dust Devils : RHP David Koski
|
|
Batting: RHB Gilberto Alvarado
|
0-0: Ball 1-0: Called Strike 1-1: Foul Ball, location: 2F 1-2: Foul Ball, location: 2F 1-2: Ground out 4-3 (Groundball, 4, EV 95.6 MPH)
|
|
Batting: RHB Du Kim
|
0-0: Swinging Strike 0-1: Ball 1-1: Foul Ball, location: 2F 1-2: Ball 2-2: Ground out 6-3 (Groundball, 6, EV 86.9 MPH)
|
|
Batting: RHB Ricky Ramirez
|
0-0: Called Strike 0-1: Ball 1-1: Ball 2-1: Called Strike 2-2: Ball 3-2: Hit by Pitch
|
|
Batting: LHB Emir Jalil
|
0-0: Ball 1-0: SINGLE (Groundball, 56D, EV 97.5 MPH) Ricky Ramirez to second
|
|
Batting: RHB Mike Hill
|
0-0: Called Strike 0-1: Swinging Strike 0-2: Foul Ball, location: 2F 0-2: Reached on error, E6 (Groundball, 6, EV 105.6 MPH) Ricky Ramirez to third Emir Jalil to second
|
|
Batting: RHB Bill Holmes
|
0-0: Hit by Pitch Ricky Ramirez scores Emir Jalil to third Mike Hill to second
|
|
Batting: RHB Jorge Lagunas
|
0-0: Swinging Strike 0-1: Called Strike 0-2: Ball 1-2: Ball 2-2: Strikes out swinging
|
| Bottom of the 3rd over - 1 run, 1 hit, 1 error, 3 left on base; Tri-City 14 - Eugene 1 |
| TOP OF THE 4TH |
|
Tri-City Dust Devils batting - Pitching for Eugene Emeralds : RHP Francisco Landin
|
|
Batting: LHB Phil Lerner
|
0-0: Foul Ball, location: 2F 0-1: Called Strike 0-2: Ball 1-2: Ball 2-2: Ball 3-2: SINGLE (Groundball, 4M, EV 96.2 MPH) (infield hit)
|
|
Batting: RHB Mike MacLeod
|
0-0: Ball 1-0: Ball 2-0: Ball 3-0: Called Strike 3-1: Base on Balls Phil Lerner to second
|
|
Batting: SHB Isaiah Scates
|
0-0: Ball 1-0: Ball 2-0: SINGLE (Groundball, 6MS, EV 70.6 MPH) (infield hit) Phil Lerner to third Mike MacLeod to second
|
|
Batting: RHB Hector Fernandez
|
0-0: Called Strike 0-1: Called Strike 0-2: Ball 1-2: Ball 2-2: Ball 3-2: Base on Balls Phil Lerner scores Mike MacLeod to third Isaiah Scates to second
|
|
Batting: RHB Phil McFadden
|
0-0: Ball 1-0: Swinging Strike 1-1: Swinging Strike 1-2: Ball 2-2: Fly out, F4 (Line Drive, 4MD, EV 64.4 MPH) Lined into DP, 4-6 (Line Drive, 4MD, EV 62.5 MPH)
|
|
Batting: RHB Frank Elizondo
|
0-0: Ball Wild Pitch! Mike MacLeod scores Hector Fernandez to second 1-0: Ball 2-0: Ball 3-0: Called Strike 3-1: Base on Balls
|
|
Pitching: LHP Wilhelm Myers
|
|
|
Batting: RHB Max Stillo
|
0-0: Ball 1-0: Ground out 5-3 (Groundball, 56S, EV 84.4 MPH)
|
| Top of the 4th over - 2 runs, 2 hits, 0 errors, 2 left on base; Tri-City 16 - Eugene 1 |
| BOTTOM OF THE 4TH |
|
Eugene Emeralds batting - Pitching for Tri-City Dust Devils : RHP David Koski
|
|
Batting: RHB Dave de Wolff
|
0-0: Ground out 4-3 (Groundball, 34, EV 100.6 MPH)
|
|
Batting: RHB David Bousfield
|
0-0: Ball 1-0: Ball 2-0: Called Strike 2-1: Foul Ball, location: 2F 2-2: Ball 3-2: SINGLE (Line Drive, 56D, EV 105.0 MPH)
|
|
Batting: RHB Gilberto Alvarado
|
0-0: Ball David Bousfield steals 2nd base 1-0: Fly out, F8 (Flyball, 8RD, EV 105.0 MPH)
|
|
Batting: RHB Du Kim
|
0-0: Swinging Strike 0-1: SINGLE (Groundball, 56D, EV 100.6 MPH) David Bousfield to third Runner from 3rd tries for Home, SAFE, throw by LF to home
|
|
Batting: RHB Ricky Ramirez
|
0-0: Foul Ball, location: 2F 0-1: Ball 1-1: Ball 2-1: Called Strike Du Kim steals 2nd base 2-2: Ball 3-2: Strikes out swinging
|
| Bottom of the 4th over - 1 run, 2 hits, 0 errors, 1 left on base; Tri-City 16 - Eugene 2 |
| TOP OF THE 5TH |
|
Tri-City Dust Devils batting - Pitching for Eugene Emeralds : LHP Wilhelm Myers
|
|
Batting: RHB Oren Jones
|
0-0: Foul Ball, location: 2F 0-1: Reached on error, E6 (Groundball, 6D, EV 103.8 MPH)
|
|
Batting: LHB Ramon Vega
|
0-0: Ball 1-0: Fielders Choice at 2nd, 6-4 (Groundball, 6S, EV 90.6 MPH)
|
|
Batting: LHB Phil Lerner
|
0-0: Called Strike 0-1: 2-RUN HOME RUN (Line Drive, 78XD, EV 103.8 MPH), Distance : 395 ft
|
|
Batting: RHB Mike MacLeod
|
0-0: Swinging Strike 0-1: Ball 1-1: Foul Ball, location: 2F 1-2: DOUBLE (Groundball, 5L, EV 105.6 MPH)
|
|
Batting: SHB Isaiah Scates
|
0-0: Foul Ball, location: 2F 0-1: Ball 1-1: Swinging Strike 1-2: Fly out, F4 (Popup, 34S, EV 80.6 MPH)
|
|
Batting: RHB Hector Fernandez
|
0-0: Called Strike 0-1: Ball 1-1: Foul Ball, location: 2F 1-2: Ball 2-2: Reached on error, E5 (Groundball, 56, EV 79.4 MPH) Mike MacLeod scores
|
|
Batting: RHB Phil McFadden
|
0-0: Fly out, F7 (Flyball, 78M, EV 83.1 MPH)
|
| Top of the 5th over - 3 runs, 2 hits, 2 errors, 1 left on base; Tri-City 19 - Eugene 2 |
| BOTTOM OF THE 5TH |
|
Eugene Emeralds batting - Pitching for Tri-City Dust Devils : RHP David Koski
|
|
Batting: LHB Emir Jalil
|
0-0: Called Strike 0-1: Ball 1-1: Swinging Strike 1-2: Strikes out swinging
|
|
Batting: RHB Mike Hill
|
0-0: Called Strike 0-1: Called Strike 0-2: Ball 1-2: Foul Ball, location: 2F 1-2: Ground out 6-3 (Groundball, 6, EV 85.6 MPH)
|
|
Batting: RHB Bill Holmes
|
0-0: Foul Ball, location: 2F 0-1: Ball 1-1: Ball 2-1: Ball 3-1: Swinging Strike 3-2: Base on Balls
|
|
Batting: RHB Jorge Lagunas
|
0-0: Ball 1-0: Ball 2-0: Ball 3-0: Called Strike 3-1: Base on Balls Bill Holmes to second
|
|
Batting: RHB Dave de Wolff
|
0-0: Ball 1-0: Swinging Strike 1-1: Swinging Strike 1-2: Ball 2-2: Strikes out swinging
|
| Bottom of the 5th over - 0 runs, 0 hits, 0 errors, 2 left on base; Tri-City 19 - Eugene 2 |
| TOP OF THE 6TH |
|
Tri-City Dust Devils batting - Pitching for Eugene Emeralds : LHP Wilhelm Myers
|
|
Batting: RHB Frank Elizondo
|
0-0: Called Strike 0-1: Ball 1-1: Foul Ball, location: 2F 1-2: Foul Ball, location: 2F 1-2: Ball 2-2: SINGLE (Groundball, 34D, EV 97.5 MPH)
|
|
Batting: RHB Max Stillo
|
0-0: Foul Ball, location: 2F 0-1: Ball 1-1: Swinging Strike 1-2: Ball 2-2: Strikes out swinging
|
|
Batting: RHB Oren Jones
|
0-0: Fielders Choice at 2nd, 1-4 (Groundball, 15S, EV 73.8 MPH)
|
|
Batting: LHB Ramon Vega
|
Balk! Oren Jones to second 0-0: Called Strike 0-1: Ball 1-1: Ball 2-1: Ground out U3 (Groundball, 34S, EV 83.1 MPH)
|
| Top of the 6th over - 0 runs, 1 hit, 0 errors, 1 left on base; Tri-City 19 - Eugene 2 |
| BOTTOM OF THE 6TH |
|
Eugene Emeralds batting - Pitching for Tri-City Dust Devils : RHP David Koski
|
|
Batting: RHB David Bousfield
|
0-0: Swinging Strike 0-1: Swinging Strike 0-2: Strikes out swinging
|
|
Pitching: RHP Andres Burgos
|
|
|
Batting: RHB Gilberto Alvarado
|
0-0: Called Strike 0-1: Ball 1-1: Swinging Strike 1-2: Ground out 6-3 (Groundball, 6, EV 84.4 MPH)
|
|
Batting: RHB Du Kim
|
0-0: Foul Ball, location: 2F 0-1: Ball 1-1: Ball 2-1: Called Strike 2-2: DOUBLE (Line Drive, 7LS, EV 96.9 MPH)
|
|
Batting: RHB Ricky Ramirez
|
0-0: Called Strike 0-1: Ball 1-1: SINGLE (Groundball, 6MD, EV 98.1 MPH) Du Kim to third Runner from 3rd tries for Home, SAFE, throw by CF to home
|
|
Batting: LHB Emir Jalil
|
0-0: Called Strike 0-1: Ball 1-1: Foul Ball, location: 2F 1-2: Ball 2-2: Ground out 4-3 (Groundball, 34D, EV 106.2 MPH)
|
| Bottom of the 6th over - 1 run, 2 hits, 0 errors, 1 left on base; Tri-City 19 - Eugene 3 |
| TOP OF THE 7TH |
|
Tri-City Dust Devils batting - Pitching for Eugene Emeralds : LHP Wilhelm Myers
|
|
Pitching: RHP Brian Jarrett
|
|
|
Batting: LHB Phil Lerner
|
0-0: Ball 1-0: Ball 2-0: Called Strike 2-1: Swinging Strike 2-2: Ground out U3 (Groundball, 3, EV 100.0 MPH)
|
|
Batting: RHB Mike MacLeod
|
0-0: Foul Ball, location: 2F 0-1: Ground out 6-3 (Groundball, 6, EV 91.9 MPH)
|
|
Batting: SHB Isaiah Scates
|
0-0: Called Strike 0-1: Foul Ball, location: 2F 0-2: Fly out, F5 (Popup, 15, EV 80.0 MPH)
|
| Top of the 7th over - 0 runs, 0 hits, 0 errors, 0 left on base; Tri-City 19 - Eugene 3 |
| BOTTOM OF THE 7TH |
|
Eugene Emeralds batting - Pitching for Tri-City Dust Devils : RHP Andres Burgos
|
|
Batting: RHB Mike Hill
|
0-0: Called Strike 0-1: Ground out 5-3 (Groundball, 5, EV 100.6 MPH)
|
|
Batting: RHB Bill Holmes
|
0-0: Ball 1-0: Ground out 5-3 (Groundball, 56, EV 101.9 MPH)
|
|
Batting: RHB Jorge Lagunas
|
0-0: Ground out 6-3 (Groundball, 6, EV 99.4 MPH)
|
| Bottom of the 7th over - 0 runs, 0 hits, 0 errors, 0 left on base; Tri-City 19 - Eugene 3 |
| TOP OF THE 8TH |
|
Tri-City Dust Devils batting - Pitching for Eugene Emeralds : RHP Brian Jarrett
|
|
Batting: RHB Hector Fernandez
|
0-0: Ball 1-0: Called Strike 1-1: Ball 2-1: Foul Ball, location: 2F 2-2: Strikes out swinging
|
|
Batting: RHB Phil McFadden
|
0-0: Called Strike 0-1: Ball 1-1: Ground out 2-3 (Groundball, 2L, EV 74.4 MPH)
|
|
Batting: RHB Frank Elizondo
|
0-0: Swinging Strike 0-1: Called Strike 0-2: Foul Ball, location: 2F 0-2: Foul Ball, location: 2F 0-2: Strikes out swinging
|
| Top of the 8th over - 0 runs, 0 hits, 0 errors, 0 left on base; Tri-City 19 - Eugene 3 |
| BOTTOM OF THE 8TH |
|
Eugene Emeralds batting - Pitching for Tri-City Dust Devils : RHP Andres Burgos
|
|
Batting: RHB Dave de Wolff
|
0-0: Ground out 4-3 (Groundball, 34, EV 101.2 MPH)
|
|
Pinch Hitting: RHB Mike Larson
|
0-0: Called Strike 0-1: Ball 1-1: Ground out 5-3 (Groundball, 56S, EV 85.6 MPH)
|
|
Batting: RHB Gilberto Alvarado
|
0-0: Ball 1-0: Swinging Strike 1-1: Ball 2-1: Ground out 2-3 (Groundball, 13S, EV 66.9 MPH)
|
| Bottom of the 8th over - 0 runs, 0 hits, 0 errors, 0 left on base; Tri-City 19 - Eugene 3 |
| TOP OF THE 9TH |
|
Tri-City Dust Devils batting - Pitching for Eugene Emeralds : RHP Brian Jarrett
|
|
Now at SS: Dan Orozco
|
|
|
Batting: RHB Max Stillo
|
0-0: Fly out, F8 (Flyball, 8LXD, EV 99.4 MPH)
|
|
Batting: RHB Oren Jones
|
0-0: Called Strike 0-1: Ball 1-1: Called Strike 1-2: Ball 2-2: Foul Ball, location: 2F 2-2: Strikes out swinging
|
|
Batting: LHB Ramon Vega
|
0-0: Ball 1-0: Ball 2-0: Foul Ball, location: 2F 2-1: Swinging Strike 2-2: Foul Ball, location: 2F 2-2: Foul Ball, location: 2F 2-2: Ball 3-2: Base on Balls
|
|
Pitching: RHP Victor Ramirez
|
|
|
Batting: LHB Phil Lerner
|
0-0: Ball 1-0: Ball 2-0: Called Strike 2-1: Ball 3-1: Ground out 4-3 (Groundball, 4, EV 88.8 MPH)
|
| Top of the 9th over - 0 runs, 0 hits, 0 errors, 1 left on base; Tri-City 19 - Eugene 3 |
| BOTTOM OF THE 9TH |
|
Eugene Emeralds batting - Pitching for Tri-City Dust Devils : RHP Andres Burgos
|
|
Batting: RHB Du Kim
|
0-0: Ball 1-0: Ground out 5-3 (Groundball, 56S, EV 78.1 MPH)
|
|
Batting: RHB Ricky Ramirez
|
0-0: Ball 1-0: Called Strike 1-1: Ball 2-1: Foul Ball, location: 2F 2-2: SINGLE (Groundball, 34D, EV 100.0 MPH)
|
|
Pitching: RHP Cal Abbott
|
|
|
Batting: LHB Emir Jalil
|
0-0: Ball 1-0: Called Strike 1-1: Foul Ball, location: 2F 1-2: Ball 2-2: Ball 3-2: Strikes out swinging
|
|
Batting: RHB Mike Hill
|
0-0: Ball 1-0: Foul Ball, location: 2F 1-1: Ball Wild Pitch! Ricky Ramirez to second 2-1: Foul Ball, location: 2F 2-2: Strikes out swinging
|
| Bottom of the 9th over - 0 runs, 1 hit, 0 errors, 1 left on base; Tri-City 19 - Eugene 3 |
|